 Dungeon Crawl Stone Soup version 0.16.2-12-gd0ad4c3 (webtiles) character file.

129 Kira the Sneak (level 4, 0/21 HPs)
             Began as a Spriggan Enchanter on Oct 22, 2015.
             Slain by a giant mite (3 damage)
             ... on level 3 of the Dungeon.
             The game lasted 00:13:02 (2458 turns).

Kira the Sneak (Spriggan Enchanter)                 Turns: 2458, Time: 00:13:02

Health: 0/21       AC:  3    Str:  4    XL:     4   Next: 88%
Magic:  2/13       EV: 19    Int: 17    God:
Gold:   77         SH:  0    Dex: 16    Spells: 2 memorised, 6 levels left

rFire  . . .     SeeInvis +     a - +1 dagger
rCold  . . .     Clarity  .     b - +1 robe
rNeg   . . .     SustAb   .     (shield restricted)
rPois  .         Gourm    .     (helmet restricted)
rElec  .         Spirit   .     (no cloak)
rCorr  .         Warding  .     (gloves unavailable)
rMut   .         Stasis   .     (boots unavailable)
MR     .....                    (no amulet)
Stlth  ++........               (no ring)
                                (no ring)

@: very quick, not resistant to hostile enchantments, unstealthy
A: unfitting armour, see invisible, herbivore 3, speed 3, slow metabolism 2
a: no special abilities


You were on level 3 of the Dungeon.
You were hungry.

You visited 1 branch of the dungeon, and saw 3 of its levels.

You collected 77 gold pieces.

Inventory:

Hand weapons
 a - a +1 dagger (weapon)
Armour
 b - a +1 robe (worn)
Jewellery
 q - an uncursed amulet of warding {unknown}
Magical devices
 m - a wand of frost (26)
 s - a wand of digging (9)
Scrolls
 e - 4 scrolls of identify {unknown}
 k - 5 scrolls of remove curse {unknown}
 l - a scroll of teleportation {unknown}
 r - a scroll of enchant weapon {unknown}
Potions
 f - 3 potions of haste {unknown}
 h - 2 potions of might {unknown}
 i - 2 potions of heal wounds {unknown}
 n - a potion of poison {unknown}
 o - a potion of brilliance {unknown}
 p - a potion of invisibility {unknown}
Books
 c - a book of Maledictions

   Spells                             Type                      Level
   a - Corona                         Hexes                        1
   b - Sure Blade                     Hexes/Charms                 2
   c - Ensorcelled Hibernation        Hexes/Ice                    2
   d - Confuse                        Hexes                        3
   e - Dazzling Spray                 Conjuration/Hexes            3
   f - Enslavement                    Hexes                        4
Comestibles
 d - 3 bread rations
 j - 2 royal jellies


   Skills:
 + Level 0.5 Fighting
 + Level 1.4 Short Blades
 + Level 4.4 Dodging
 + Level 6.0 Stealth
 + Level 3.1 Spellcasting
 + Level 4.6 Hexes


You had 6 spell levels left.
You knew the following spells:

 Your Spells              Type           Power        Failure   Level  Hunger
a - Corona                Hex            ###....      2%          1    None
b - Ensorcelled Hibernat  Hex/Ice        ##....       12%         2    ##.....


Dungeon Overview and Level Annotations

Branches:
Dungeon (3/15)

Altars:
Cheibriados

Portals:
Sewer: D:3


Innate Abilities, Weirdness & Mutations

You are tiny and cannot use many weapons and most armour.
You have supernaturally acute eyesight.
You are a herbivore.
You cover ground extremely quickly.
You need consume almost no food.


Message History

Aim: a giant mite (clinging, chance 59%)
The giant mite looks drowsy...
Unknown command.
The giant mite bites you.
* * * LOW HITPOINT WARNING * * *
Casting: Ensorcelled Hibernation
Confirm with . or Enter, or press ? or * to list all spells.
Aiming: Corona
Press: ? - help, Shift-Dir - straight line, f/p - giant mite
Aim: a giant mite (clinging, chance 73%)
The giant mite is outlined in light.
The giant mite barely misses you.
Unknown command.
You hit the giant mite.
The giant mite is moderately wounded.
The giant mite bites you.
* * * LOW HITPOINT WARNING * * *
Your unstable footing causes you to fumble your attack.
You hear the quick rusting of a drain.
The giant mite bites you.
You die...

.######.._..#####.# #..#
..†..##.....# #..#
.###.########
#..######## ...#.#
#.......... #..#.#
#.#########
.....############.# #.
#...o.............# #.
#...#########.##########
....# #.≈≈@s≈≈≈∩≈# #####
#"#.# ############ #....
....# ##### #.# #.###
#..[#########..)# #.#
#.# ...(##..........#
#.# #.#
...###.######...# #.#
#.# ...# #.# ##.## #.#
#.# #..# #.# #..## #<#
#.# #..# #.# #.#.## #.#
#.#


You could see a giant mite.

Vanquished Creatures
  An orc wizard (D:3)
  Terence (D:3)
  Robin (D:3)
  2 adders
  A worm (D:3)
  2 giant geckos
  3 orcs (D:3)
  8 bats
  A giant cockroach (D:2)
  10 goblins
  4 hobgoblins
  6 jackals
  5 kobolds
  A quokka (D:3)
  A giant newt (D:1)
  4 rats
51 creatures vanquished.

Notes
Turn   | Place    | Note
--------------------------------------------------------------
     0 | D:1      | Kira, the Spriggan Enchanter, began the quest for the Orb.
     0 | D:1      | Reached XP level 1. HP: 9/9 MP: 4/4
   155 | D:1      | Reached XP level 2. HP: 13/13 MP: 7/7
  1083 | D:2      | Learned a level 2 spell: Ensorcelled Hibernation
  1346 | D:2      | Reached XP level 3. HP: 11/16 MP: 0/10
  1940 | D:3      | Found a snail-covered altar of Cheibriados.
  1941 | D:3      | Noticed Robin
  2126 | D:3      | Reached skill level 5 in Stealth
  2166 | D:3      | Killed Robin
  2166 | D:3      | Reached XP level 4. HP: 13/21 MP: 3/13
  2250 | D:3      | Noticed Terence
  2261 | D:3      | Killed Terence
  2430 | D:3      | Reached skill level 6 in Stealth
  2449 | D:3      | Found a glowing drain.
  2458 | D:3      | Slain by a giant mite

Action                   |  1- 3 |  4- 6 || total
-------------------------+-------+-------++-------
Melee: Dagger            |   150 |    32 ||   182
 Cast: Ensorcelled Hiber |    14 |    10 ||    24
       Corona            |     1 |     3 ||     4
  Use: Potion            |     1 |     1 ||     2
 Stab: Sleeping          |    16 |     9 ||    25
